[Event "January 9 Early 2024"]
[Site "https://www.chess.com"]
[Date "2024.01.11"]
[Round "11"]
[White "Joie, Sebastien"]
[Black "Matta, Nicholas"]
[Result "0-1"]
[Board "76"]
[TimeControl "180+1"]
[WhiteFideId "650420"]
[BlackFideId "30914523"]
[WhiteElo "2451"]
[BlackElo "2588"]
[WhiteTeam "FRA"]
[BlackTeam "USA"]
[WhiteClock "0:00:02"]
[BlackClock "0:00:42"]

1. d4 Nf6 2. c4 g6 3. Nc3 d5 4. cxd5 Nxd5 5. Bd2 Bg7 6. e4 Nb6 7. Be3 O-O 8. f4 Nc6 9. d5 Na5 10. Bd4 e5 11. fxe5 Nac4 12. Nf3 Bg4 13. e6 Bxf3 14. gxf3 Nxb2 15. Qd2 Bxd4 16. Qxd4 fxe6 17. Rb1 Qh4+ 18. Qf2 Qf6 19. Qxb2 Qxf3 20. Bg2 Qe3+ 21. Ne2 Qf2+ 22. Kd1 Qxg2 23. Rg1 Qxe4 24. Qd4 Qxd5 25. Qxd5 exd5 26. Nd4 c6 27. Rb2 Rae8 28. a4 Re4 29. Ne2 Rf2 30. a5 Nc4 31. Rxb7 Rexe2 32. Rb8+ Kg7 33. Rb7+ Kh6 34. h4 Ra2 35. Kc1 Na3 0-1

[Event "January 9 Early 2024"]
[Site "https://www.chess.com"]
[Date "2024.01.11"]
[Round "11"]
[White "Kantans, Toms"]
[Black "Hungaski, Robert"]
[Result "0-1"]
[Board "77"]
[TimeControl "180+1"]
[WhiteFideId "11602945"]
[BlackFideId "2021030"]
[WhiteElo "2634"]
[BlackElo "2494"]
[WhiteTeam "LAT"]
[BlackTeam "USA"]
[WhiteClock "0:00:02"]
[BlackClock "0:00:12"]

1. e4 e5 2. Nf3 Nc6 3. d4 exd4 4. Nxd4 Qh4 5. Nb5 Bb4+ 6. c3 Ba5 7. Bd3 a6 8. N5a3 Bb6 9. O-O Nf6 10. h3 Ne5 11. Bc2 d5 12. Be3 Bxh3 13. Bxb6 Bxg2 14. Kxg2 Qg5+ 15. Kh3 Nfg4 16. Rh1 cxb6 17. Qd2 Qf6 18. Kg3 Qf3+ 19. Kh4 Ng6+ 20. Kh5 Nf6+ 21. Kg5 h6+ 0-1

[Event "January 9 Early 2024"]
[Site "https://www.chess.com"]
[Date "2024.01.11"]
[Round "11"]
[White "Filgueira, Hernan"]
[Black "Skibbe, Willi"]
[Result "1-0"]
[Board "78"]
[TimeControl "180+1"]
[WhiteFideId "101770"]
[BlackFideId "4682190"]
[WhiteElo "2551"]
[BlackElo "2366"]
[WhiteTeam "ARG"]
[BlackTeam "GER"]
[WhiteClock "0:00:54"]
[BlackClock "0:00:02"]

1. d4 f5 2. Nc3 Nf6 3. Bg5 d5 4. f3 c5 5. Bxf6 gxf6 6. e4 cxd4 7. Qxd4 dxe4 8. Bb5+ Nc6 9. Qxd8+ Kxd8 10. O-O-O+ Ke8 11. fxe4 Bh6+ 12. Kb1 fxe4 13. Nxe4 a6 14. Ba4 Bf5 15. Ng3 Bg6 16. Nf3 Rc8 17. Rhe1 b5 18. Bb3 Na5 19. Be6 Rxc2 20. Nf5 Bxf5 21. Bxf5 Rxg2 22. Be6 Nc4 23. Nh4 Rxb2+ 24. Ka1 Rd2 25. Nf5 Bf4 26. Rxd2 Bxd2 27. Rg1 Bc3+ 28. Kb1 Kd8 29. Rg7 Bb4 30. Kc2 Ne5 31. h4 Nc6 32. h5 Kc7 33. h6 Bd6 34. Bg8 Bf4 35. Bxh7 Kb6 36. Rf7 Ne5 37. Rxe7 Ng4 38. Re6+ Kc5 39. Bg6 1-0

[Event "January 9 Early 2024"]
[Site "https://www.chess.com"]
[Date "2024.01.11"]
[Round "11"]
[White "Sokolovsky, Yahli"]
[Black "Indjic, Aleksandar"]
[Result "0-1"]
[Board "79"]
[TimeControl "180+1"]
[WhiteFideId "2820242"]
[BlackFideId "911925"]
[WhiteElo "2776"]
[BlackElo "2896"]
[WhiteTeam "ISR"]
[BlackTeam "SRB"]
[WhiteClock "0:00:02"]
[BlackClock "0:01:20"]

1. b3 e5 2. Bb2 Nc6 3. e3 Nge7 4. d4 exd4 5. exd4 d5 6. Qd2 Nf5 7. Nf3 Bd6 8. Nc3 Be6 9. O-O-O O-O 10. Nb5 Bb4 11. Qf4 a6 12. Nc3 Qd6 13. Ne2 f6 14. g3 g5 15. Qxd6 Nxd6 16. h4 h6 17. c3 Ba5 18. Ba3 Ne4 19. Bxf8 Rxf8 20. Rh2 Bg4 21. Bg2 Nxf2 22. Rf1 Ne4 23. b4 Bb6 24. Kb2 Ne7 25. Bh3 Bxh3 26. Rxh3 g4 27. Rh2 gxf3 28. Rxf3 c6 29. Nf4 Kf7 30. Nd3 h5 31. Nf4 Rh8 32. Re2 Bc7 33. c4 Bxf4 34. Rxf4 Nxg3 35. Rg2 Ne4 36. cxd5 cxd5 37. Rc2 Nc6 38. a3 Re8 39. Rc1 Nxd4 40. Rd1 Ne2 41. Rf5 N2c3 42. Rd3 Kg6 43. Rf1 Rc8 44. Rg1+ Kf7 45. Rf1 Ke6 46. Kb3 b5 47. Rc1 Ke5 48. Rc2 d4 49. Rc1 f5 50. Rg1 Ne2 51. Kb2 Nxg1 0-1

[Event "January 9 Early 2024"]
[Site "https://www.chess.com"]
[Date "2024.01.11"]
[Round "11"]
[White "Potkin, Vladimir"]
[Black "Finek, Vaclav"]
[Result "1-0"]
[Board "80"]
[TimeControl "180+1"]
[WhiteFideId "4131061"]
[BlackFideId "23718293"]
[WhiteElo "2675"]
[BlackElo "2793"]
[WhiteTeam "RUS"]
[BlackTeam "CZE"]
[WhiteClock "0:00:40"]
[BlackClock "0:00:07"]

1. Nf3 Nf6 2. c4 c6 3. Nc3 d5 4. e3 e6 5. b3 Nbd7 6. Bb2 Bd6 7. Qc2 O-O 8. Be2 e5 9. cxd5 cxd5 10. Nb5 Qe7 11. Nxd6 Qxd6 12. Rc1 Re8 13. O-O a6 14. Qc7 Qe6 15. Ng5 Qf5 16. f4 exf4 17. Qxf4 Qxf4 18. Rxf4 h6 19. Nf3 Ne4 20. Rc7 Nd6 21. Nd4 Ne5 22. a4 f6 23. h4 Ne4 24. d3 Nd6 25. Ba3 Ndf7 26. Bh5 g6 27. Be2 f5 28. Bb2 h5 29. Nf3 Nxf3+ 30. Bxf3 Be6 31. Rxb7 Rac8 32. Rfb4 Rc2 33. Bd4 Rd2 34. Rb8 Kf8 35. Bc5+ 1-0

[Event "January 9 Early 2024"]
[Site "https://www.chess.com"]
[Date "2024.01.11"]
[Round "11"]
[White "De Sousa, Daniel Aguiar"]
[Black "Skiadopoulos, Nikolaos"]
[Result "0-1"]
[Board "81"]
[TimeControl "180+1"]
[WhiteFideId "44736797"]
[BlackFideId "4200772"]
[WhiteElo "2034"]
[BlackElo "1956"]
[WhiteTeam "BRA"]
[BlackTeam "GRE"]
[WhiteClock "0:00:08"]
[BlackClock "0:00:35"]

1. d4 Nf6 2. Nf3 g6 3. e3 Bg7 4. Bd3 b6 5. Nbd2 Ba6 6. Bxa6 Nxa6 7. a3 O-O 8. O-O c5 9. Qe2 Qc8 10. b3 Qb7 11. Bb2 cxd4 12. exd4 Rac8 13. c4 d5 14. Ne5 e6 15. f4 dxc4 16. Ndxc4 Rfd8 17. Rae1 Nc7 18. g4 Ncd5 19. f5 exf5 20. gxf5 Re8 21. Nd6 Qb8 22. Nxc8 Qxc8 23. fxg6 hxg6 24. Qc4 Qe6 25. Bc1 Qh3 26. Bg5 Re6 27. Qc8+ Kh7 28. Bxf6 Nxf6 29. Rxf6 Bxf6 30. Qf8 Re7 31. Nxf7 Qg4+ 32. Kf2 Bh4+ 33. Kf1 Qf3+ 34. Kg1 Qf2+ 35. Kh1 Rxe1# 0-1

[Event "January 9 Early 2024"]
[Site "https://www.chess.com"]
[Date "2024.01.11"]
[Round "11"]
[White "Kochiev, Ivan"]
[Black "Wantiez, Fabrice"]
[Result "1-0"]
[Board "82"]
[TimeControl "180+1"]
[WhiteFideId "2917890"]
[BlackFideId "202274"]
[WhiteElo "2592"]
[BlackElo "2431"]
[WhiteTeam "BUL"]
[BlackTeam "BEL"]
[WhiteClock "0:00:13"]
[BlackClock "0:00:20"]

1. e4 e5 2. Nf3 Nc6 3. d4 exd4 4. Bc4 g6 5. Nxd4 Bg7 6. Be3 d6 7. O-O Nf6 8. Nc3 O-O 9. Re1 Ne5 10. Bb3 c5 11. Ndb5 c4 12. Ba4 a6 13. Nxd6 b5 14. Bxb5 axb5 15. Ncxb5 Ba6 16. a4 Nfd7 17. f4 Nc6 18. e5 Bxb5 19. axb5 Rxa1 20. Qxa1 Nb4 21. Qa4 Nd5 22. Qxc4 Nxe3 23. Rxe3 Qb6 24. Kf2 Nc5 25. b4 Ne6 26. g3 Rd8 27. Kf3 Nd4+ 28. Ke4 Ne6 29. g4 Qb8 30. f5 Bxe5 31. Nxf7 Qd6 32. Nxd6 1-0

[Event "January 9 Early 2024"]
[Site "https://www.chess.com"]
[Date "2024.01.11"]
[Round "11"]
[White "Ronka, Erik"]
[Black "Spichkin, Alexander"]
[Result "1-0"]
[Board "83"]
[TimeControl "180+1"]
[WhiteFideId "505080"]
[BlackFideId "4144074"]
[WhiteElo "2529"]
[BlackElo "2415"]
[WhiteTeam "FIN"]
[BlackTeam "RUS"]
[WhiteClock "0:00:17"]
[BlackClock "0:01:11"]

1. e4 e5 2. Nf3 d5 3. d4 dxe4 4. Nxe5 Bd6 5. Bc4 Bxe5 6. Qh5 Qe7 7. Qxe5 Qxe5 8. dxe5 Nc6 9. Bf4 Nge7 10. Nc3 Bf5 11. O-O-O O-O 12. Rhe1 Ng6 13. Bg3 Ngxe5 14. Bb3 a5 15. Nxe4 Rfe8 16. h3 a4 17. Bd5 a3 18. b3 Nb4 19. Nc3 Nec6 20. Bxc7 Bxc2 21. Bxc6 bxc6 22. Rxe8+ Rxe8 23. Rd8 Rxd8 24. Bxd8 Bf5 25. Be7 Nd3+ 26. Kd2 Nxf2 27. Bxa3 Ne4+ 28. Nxe4 Bxe4 29. g3 f6 30. Bc5 Kf7 31. a4 Ke8 32. a5 Kd7 33. Ke3 Bc2 34. b4 Kc8 35. Bd6 Bb3 36. Bf8 g6 37. Bg7 f5 38. Kf4 Bc4 39. Bd4 Kd7 40. Kg5 Ke6 41. Kh6 Kd5 42. Bc5 Ke4 43. Kxh7 g5 44. h4 f4 45. hxg5 fxg3 46. g6 Kd3 47. g7 g2 48. g8=Q Kc3 49. Qxg2 Kb3 50. Qf3+ Ka4 51. Qc3 Bb5 52. Qb2 Bc4 53. Qc2+ Kb5 54. Qxc4+ Kxc4 55. a6 1-0

[Event "January 9 Early 2024"]
[Site "https://www.chess.com"]
[Date "2024.01.11"]
[Round "11"]
[White "Herman, Matthew"]
[Black "Cuenca Jimenez, Jose Fernando"]
[Result "0-1"]
[Board "84"]
[TimeControl "180+1"]
[WhiteFideId "2028964"]
[BlackFideId "2255570"]
[WhiteElo "2511"]
[BlackElo "2685"]
[WhiteTeam "USA"]
[BlackTeam "ESP"]
[WhiteClock "0:00:02"]
[BlackClock "0:01:01"]

1. e4 d6 2. d4 Nf6 3. Nc3 e5 4. Nf3 Nbd7 5. Bc4 Be7 6. O-O O-O 7. Re1 c6 8. a4 b6 9. b3 Bb7 10. Bd3 Re8 11. Ne2 a6 12. Ng3 Bf8 13. Bb2 g6 14. c4 c5 15. d5 Bh6 16. Bc1 Bxc1 17. Qxc1 a5 18. h3 Qe7 19. Nd2 h5 20. Nf3 Nh7 21. Kh2 Bc8 22. Rg1 Ndf6 23. Qd2 h4 24. Ne2 Nh5 25. g3 Qf6 26. Qe3 hxg3+ 27. fxg3 Qg7 28. g4 N5f6 29. Raf1 Bd7 30. Rg3 Rf8 31. Kg1 Kh8 32. Rg2 Ng8 33. Ng3 Qf6 34. Kh2 Qf4 35. Qxf4 exf4 36. Ne2 g5 37. e5 dxe5 38. Bxh7 Kxh7 39. Nxe5 Be8 40. h4 f6 41. Nf3 Kh6 42. Rh1 Kg6 43. Kg1 Nh6 44. hxg5 fxg5 45. Rh5 Nf7 46. Nc3 Bd7 0-1

[Event "January 9 Early 2024"]
[Site "https://www.chess.com"]
[Date "2024.01.11"]
[Round "11"]
[White "Hrebenshchykova, Yelyzaveta"]
[Black "Skurikhin, Dmitrij"]
[Result "1-0"]
[Board "85"]
[TimeControl "180+1"]
[WhiteFideId "14159899"]
[BlackFideId "4161297"]
[WhiteElo "2493"]
[BlackElo "2217"]
[WhiteTeam "UKR"]
[BlackTeam "RUS"]
[WhiteClock "0:00:17"]
[BlackClock "0:00:16"]

1. e4 c6 2. d4 d5 3. e5 c5 4. dxc5 Nc6 5. f4 Bf5 6. c3 e6 7. Be3 g5 8. fxg5 Bg7 9. Nf3 h6 10. Bb5 hxg5 11. Bxg5 Ne7 12. O-O Qa5 13. a4 O-O-O 14. b4 Qc7 15. Bxc6 Nxc6 16. Bxd8 Kxd8 17. Nbd2 Nxe5 18. Qb3 Ng4 19. c4 Bd4+ 20. Rf2 Bxf2+ 21. Kf1 Be3 22. cxd5 Nxh2+ 23. Ke2 Nxf3 24. Nxf3 Bf4 25. Rd1 Kc8 26. d6 Qc6 27. d7+ Kd8 28. b5 Qe4+ 29. Kf2 Bg4 30. Qc3 Rg8 31. Qf6+ Kc7 32. d8=Q+ Rxd8 33. Qxd8# 1-0

[Event "January 9 Early 2024"]
[Site "https://www.chess.com"]
[Date "2024.01.11"]
[Round "11"]
[White "Babayeva, Nasrin"]
[Black "Sadykov, Ramil"]
[Result "0-1"]
[Board "86"]
[TimeControl "180+1"]
[WhiteFideId "13416626"]
[BlackFideId "24113590"]
[WhiteElo "1834"]
[BlackElo "2603"]
[WhiteTeam "AZE"]
[BlackTeam "FID"]
[WhiteClock "0:00:38"]
[BlackClock "0:00:10"]

1. c4 g6 2. g3 h5 3. Nf3 b6 4. Bg2 Bb7 5. O-O c5 6. Nc3 Bg7 7. h4 Nf6 8. d4 cxd4 9. Nxd4 Bxg2 10. Kxg2 Qc8 11. Qd3 Nc6 12. f3 Nxd4 13. Qxd4 O-O 14. e4 d6 15. Rb1 Qa6 16. b3 Nxe4 17. Qxe4 Bxc3 18. Rf2 Bf6 19. Bh6 Rfd8 20. Bg5 Bxg5 21. hxg5 e6 22. g4 Qa5 23. gxh5 Qxg5+ 24. Qg4 Qxh5 25. Qxh5 gxh5 26. Rh1 d5 27. Rxh5 dxc4 28. bxc4 Rac8 29. Rh4 Rd3 30. Kh2 Kg7 31. Rg2+ Kf6 32. Rf4+ Ke7 33. Rg7 Rf8 34. Rg2 Rc3 35. Rd2 Rc8 36. Rfd4 Rc7 0-1

[Event "January 9 Early 2024"]
[Site "https://www.chess.com"]
[Date "2024.01.11"]
[Round "11"]
[White "Aukhatov, Roman"]
[Black "Souleidis, Georgios"]
[Result "0-1"]
[Board "87"]
[TimeControl "180+1"]
[WhiteFideId "44150768"]
[BlackFideId "4206827"]
[WhiteElo "2443"]
[BlackElo "2618"]
[WhiteTeam "RUS"]
[BlackTeam "GRE"]
[WhiteClock "0:00:05"]
[BlackClock "0:00:25"]

1. Nf3 Nf6 2. c4 g6 3. Nc3 Bg7 4. e4 d6 5. d4 O-O 6. Be2 e5 7. O-O Bg4 8. dxe5 Bxf3 9. exf6 Bxe2 10. Qxe2 Bxf6 11. Nd5 Bg7 12. f4 Re8 13. f5 c6 14. f6 cxd5 15. fxg7 dxe4 16. b3 Nc6 17. Bb2 f5 18. Rad1 Qe7 19. Qe3 Rad8 20. Rf4 b6 21. Qh3 e3 22. Rh4 e2 23. Re1 Qe3+ 24. Qxe3 Rxe3 25. Kf2 Rde8 26. Rh3 Rxh3 27. gxh3 Nb4 28. Rxe2 Nd3+ 29. Kf3 Rxe2 0-1

[Event "January 9 Early 2024"]
[Site "https://www.chess.com"]
[Date "2024.01.11"]
[Round "11"]
[White "Quirke, Jeffrey"]
[Black "Garbarino, Rodolfo"]
[Result "0-1"]
[Board "88"]
[TimeControl "180+1"]
[WhiteFideId "2013029"]
[BlackFideId "100412"]
[WhiteElo "2135"]
[BlackElo "2377"]
[WhiteTeam "USA"]
[BlackTeam "ARG"]
[WhiteClock "0:00:09"]
[BlackClock "0:00:29"]

1. e4 e5 2. Nf3 Nc6 3. d3 d5 4. Nbd2 Be6 5. Be2 Qd7 6. c3 f6 7. b4 O-O-O 8. a3 Kb8 9. Bb2 Nh6 10. O-O g5 11. Qc2 Ne7 12. Nb3 Ng6 13. c4 d4 14. b5 Nf4 15. Rfe1 g4 16. Nfd2 Nf7 17. Bf1 h5 18. a4 Ng5 19. a5 h4 20. Ba3 Bxa3 21. Rxa3 Qh7 22. b6 cxb6 23. axb6 a6 24. Nc5 g3 25. Nxa6+ bxa6 26. Rxa6 Bc8 27. Ra7 Bb7 28. Rea1 h3 29. Qa4 gxh2+ 30. Kh1 Kc8 31. Ra8+ Bxa8 32. Qxa8+ Kd7 33. Ra7+ Kd6 34. Qxd8+ Rxd8 35. Rxh7 Nxh7 0-1

[Event "January 9 Early 2024"]
[Site "https://www.chess.com"]
[Date "2024.01.11"]
[Round "11"]
[White "Cardozo Munar, Carlos Eduardo"]
[Black "Kraus, Tomas"]
[Result "0-1"]
[Board "89"]
[TimeControl "180+1"]
[WhiteFideId "4409477"]
[BlackFideId "331708"]
[WhiteElo "2213"]
[BlackElo "2339"]
[WhiteTeam "COL"]
[BlackTeam "CZE"]
[WhiteClock "0:00:03"]
[BlackClock "0:00:14"]

1. e4 c5 2. Nf3 e6 3. Bc4 a6 4. a4 d5 5. exd5 exd5 6. Be2 Nc6 7. O-O Nf6 8. d4 Be7 9. dxc5 Bxc5 10. Nc3 d4 11. Na2 O-O 12. Bg5 Be6 13. Nc1 Rc8 14. h3 Be7 15. Nb3 Bxb3 16. cxb3 Ne4 17. Bxe7 Qxe7 18. Re1 Qb4 19. Bc4 Nc5 20. Rc1 b5 21. axb5 axb5 22. Bf1 Nxb3 23. Rc2 Nca5 24. Rxc8 Rxc8 0-1

[Event "January 9 Early 2024"]
[Site "https://www.chess.com"]
[Date "2024.01.11"]
[Round "11"]
[White "Martinez Ramirez, Lennis"]
[Black "Marn, Jan"]
[Result "1-0"]
[Board "90"]
[TimeControl "180+1"]
[WhiteFideId "3509079"]
[BlackFideId "14619245"]
[WhiteElo "2712"]
[BlackElo "2497"]
[WhiteTeam "CUB"]
[BlackTeam "SLO"]
[WhiteClock "0:01:04"]
[BlackClock "0:00:06"]

1. d4 g6 2. e4 Bg7 3. Nc3 d6 4. Bc4 a6 5. a4 Nf6 6. Ba2 O-O 7. Nf3 Nc6 8. h3 e5 9. dxe5 Nxe5 10. O-O Nfd7 11. Nd4 Nc5 12. Be3 Ne6 13. Nde2 g5 14. Ng3 Nf4 15. Qd2 Nxh3+ 16. Kh2 Nf4 17. Bxf4 gxf4 18. Qxf4 Ng4+ 19. Kg1 Qh4 20. Rfd1 Be5 21. Qf3 Be6 22. Nf5 Qh2+ 23. Kf1 h5 24. Qh3 Qxh3 25. gxh3 Nh2+ 26. Kg2 Bxf5 27. exf5 Kh8 28. Rd3 Rg8+ 29. Kh1 Rg5 30. Ne2 Rxf5 31. f4 Bxf4 32. Nxf4 Rxf4 33. Kxh2 Rf2+ 34. Kh1 Rxc2 35. Bxf7 Rf8 36. Rf3 Rxb2 37. Rg1 Re2 38. Rf5 Re5 39. Rf6 Kh7 40. Rg3 Re7 41. Bg6+ Kg7 42. Rxf8 Kxf8 43. Bxh5 Re4 44. Rg4 Rxg4 45. Bxg4 b5 46. a5 b4 47. Bc8 c5 48. Bxa6 d5 49. Kg2 c4 50. Bb7 d4 51. a6 1-0

[Event "January 9 Early 2024"]
[Site "https://www.chess.com"]
[Date "2024.01.11"]
[Round "11"]
[White "Tilahun , Abel Mathewos"]
[Black "Vargas, Mauricio"]
[Result "1-0"]
[Board "91"]
[TimeControl "180+1"]
[WhiteFideId "15702391"]
[BlackFideId "4404572"]
[WhiteElo "2041"]
[BlackElo "1854"]
[WhiteTeam "ETH"]
[BlackTeam "COL"]
[WhiteClock "0:00:40"]
[BlackClock "0:00:01"]

1. d4 d5 2. c4 e6 3. Nf3 c6 4. e3 Nf6 5. Nc3 Nbd7 6. Bd3 dxc4 7. Bxc4 b5 8. Bd3 Bd6 9. O-O O-O 10. e4 e5 11. Bg5 exd4 12. Nxd4 Ne5 13. Bc2 Bg4 14. Qb1 Bc5 15. Nf5 Bxf5 16. exf5 Qd6 17. Bxf6 Qxf6 18. Ne4 Qe7 19. f6 gxf6 20. Ng3 Ng6 21. Be4 Rac8 22. Nf5 Qe5 23. Nh6+ Kg7 24. Ng4 Qg5 25. h3 Rfe8 26. b4 Bb6 27. Qc2 Bd4 28. Rad1 Bb6 29. Rd7 h5 30. Nh2 Ne5 31. Nf3 Nxf3+ 32. Bxf3 1-0

[Event "January 9 Early 2024"]
[Site "https://www.chess.com"]
[Date "2024.01.11"]
[Round "11"]
[White "Averchenko, Sergej"]
[Black "Agrest, Inna"]
[Result "1/2-1/2"]
[Board "92"]
[TimeControl "180+1"]
[WhiteFideId "4131533"]
[BlackFideId "1708830"]
[WhiteElo "2015"]
[BlackElo "2351"]
[WhiteTeam "RUS"]
[BlackTeam "SWE"]
[WhiteClock "0:00:56"]
[BlackClock "0:00:15"]

1. d4 Nf6 2. c4 g6 3. Nc3 Bg7 4. e4 d6 5. f3 O-O 6. Be3 a6 7. Qd2 Nbd7 8. Bd3 b5 9. Nge2 c5 10. O-O cxd4 11. Nxd4 Ne5 12. cxb5 Nxd3 13. Qxd3 axb5 14. Ncxb5 Ba6 15. a4 Nd7 16. Nc6 Ne5 17. Nxe5 Bxe5 18. Bd4 Bxd4+ 19. Qxd4 Qd7 20. e5 Bxb5 21. axb5 Qxb5 22. Rxa8 Rxa8 23. exd6 exd6 24. h4 h5 25. Rd1 Ra4 26. Qf6 d5 27. Rc1 Ra8 28. Rc7 Qe8 29. Re7 Qf8 30. Rd7 Ra1+ 31. Kh2 Ra8 32. b4 Rb8 33. b5 Qg7 34. Qxg7+ Kxg7 35. Rxd5 Kf6 36. f4 Ke6 37. Rc5 Kd6 38. Rc6+ Kd7 39. Rc5 Kd6 40. Rg5 Ke6 41. Kg3 Rc8 42. b6 Rc3+ 43. Kh2 Rb3 44. Re5+ Kf6 45. g3 Rxb6 46. Ra5 Rb2+ 1/2-1/2

[Event "January 9 Early 2024"]
[Site "https://www.chess.com"]
[Date "2024.01.11"]
[Round "11"]
[White "Salem, A.R. Saleh"]
[Black "Rohith Krishna S"]
[Result "0-1"]
[Board "93"]
[TimeControl "180+1"]
[WhiteFideId "9301348"]
[BlackFideId "46617051"]
[WhiteElo "2972"]
[BlackElo "2858"]
[WhiteTeam "UAE"]
[BlackTeam "IND"]
[WhiteClock "0:01:34"]
[BlackClock "0:00:15"]

1. d4 Nf6 2. c4 c5 3. d5 b5 4. cxb5 a6 5. bxa6 g6 6. Nc3 Bg7 7. e4 d6 8. Bb5+ Bd7 9. a4 O-O 10. Nf3 Nxa6 11. O-O Bxb5 12. axb5 Nb4 13. Ra3 Nd7 14. Bd2 Nb6 15. Qb3 Nd3 16. Rfa1 Rxa3 17. bxa3 c4 18. Qc2 Qc7 19. Be3 Ra8 20. Nd4 Nc5 21. a4 Nbxa4 22. Nxa4 Bxd4 23. b6 Qd7 24. Bxd4 Nb3 25. Qxc4 Nxa1 26. Qc6 Rc8 0-1

[Event "January 9 Early 2024"]
[Site "https://www.chess.com"]
[Date "2024.01.11"]
[Round "11"]
[White "Paravyan, David"]
[Black "Yeremyan, Alen"]
[Result "1-0"]
[Board "94"]
[TimeControl "180+1"]
[WhiteFideId "4194985"]
[BlackFideId "13308998"]
[WhiteElo "3021"]
[BlackElo "2808"]
[WhiteTeam "FID"]
[BlackTeam "ARM"]
[WhiteClock "0:00:27"]
[BlackClock "0:00:37"]

1. e4 c5 2. Nf3 Nc6 3. Bb5 e6 4. O-O Nge7 5. d4 cxd4 6. Nxd4 Qc7 7. Be3 a6 8. Be2 Ng6 9. Qd2 Be7 10. c4 O-O 11. Nc3 b6 12. Rac1 Bb7 13. Nd5 exd5 14. cxd5 Qe5 15. dxc6 dxc6 16. Nxc6 Bxc6 17. Rxc6 Rad8 18. Qc3 Qxe4 19. Bf3 Qf5 20. Bxb6 Rd3 21. Qc2 Rxf3 22. gxf3 Qxf3 23. Rc3 Qb7 24. Bc7 Bf6 25. Rb3 Qd5 26. Bg3 h5 27. Rd1 Qe6 28. Re3 Qxa2 29. Bd6 Rd8 30. Ba3 Rxd1+ 31. Qxd1 Qc4 32. Re8+ 1-0

[Event "January 9 Early 2024"]
[Site "https://www.chess.com"]
[Date "2024.01.11"]
[Round "11"]
[White "Svane, Frederik"]
[Black "Rosen, Eric"]
[Result "1-0"]
[Board "95"]
[TimeControl "180+1"]
[WhiteFideId "12923044"]
[BlackFideId "2032562"]
[WhiteElo "2974"]
[BlackElo "2665"]
[WhiteTeam "GER"]
[BlackTeam "USA"]
[WhiteClock "0:00:44"]
[BlackClock "0:00:03"]

1. c4 e6 2. Nc3 d5 3. d4 Nf6 4. cxd5 exd5 5. Nf3 c6 6. Bf4 Bd6 7. Be5 O-O 8. e3 Qe7 9. Bd3 Be6 10. O-O Nbd7 11. Bxd6 Qxd6 12. h3 Rfe8 13. Qc2 Nf8 14. Na4 Ng6 15. Nc5 Re7 16. b4 a6 17. a4 Rc8 18. Rac1 Rec7 19. Nxe6 fxe6 20. Qc5 Qxc5 21. bxc5 Nd7 22. Rb1 Nh8 23. Rb2 Nf7 24. Rfb1 Nd8 25. Nd2 Ra8 26. a5 e5 27. Bf5 e4 28. f3 exf3 29. gxf3 g6 30. Bd3 Nf6 31. Kf2 Rf7 32. f4 Rc8 33. Nf3 Nd7 34. h4 Rc7 35. h5 gxh5 36. Rg1+ Rg7 37. Rbb1 Nf6 38. Nh4 Ng4+ 39. Kf3 Kf8 40. Nf5 Rg6 41. Rh1 Re7 42. Nxe7 Kxe7 43. Rxh5 1-0

[Event "January 9 Early 2024"]
[Site "https://www.chess.com"]
[Date "2024.01.11"]
[Round "11"]
[White "Mrudul Dehankar"]
[Black "Perez Gormaz, Matias"]
[Result "0-1"]
[Board "96"]
[TimeControl "180+1"]
[WhiteFideId "25096990"]
[BlackFideId "3406342"]
[WhiteElo "2389"]
[BlackElo "2637"]
[WhiteTeam "IND"]
[BlackTeam "CHI"]
[WhiteClock "0:00:01"]
[BlackClock "0:00:35"]

1. e4 a6 2. d4 b5 3. Nf3 Bb7 4. Bd3 e6 5. a4 Nf6 6. e5 Nd5 7. axb5 axb5 8. Rxa8 Bxa8 9. Bxb5 c5 10. O-O Be7 11. Bd3 cxd4 12. Nxd4 O-O 13. Qe2 Qb6 14. Nb3 Nc6 15. Rd1 f5 16. exf6 Bxf6 17. Be4 Ne5 18. Na3 Qb4 19. Rd4 Qb6 20. Nc4 Qa7 21. Nxe5 Bxe5 22. Bxh7+ Kxh7 23. Qxe5 Kg8 24. h3 Rf5 25. Qg3 Bc6 26. Rg4 Rf7 27. Bh6 d6 28. c4 Nf6 29. Rg6 Ne4 30. Qe3 Kh7 31. Rxe6 Qa2 32. Qxe4+ Bxe4 33. Rxe4 Qb1+ 0-1

[Event "January 9 Early 2024"]
[Site "https://www.chess.com"]
[Date "2024.01.11"]
[Round "11"]
[White "Sielecki, Christof"]
[Black "Marchesich, Giovanni"]
[Result "0-1"]
[Board "97"]
[TimeControl "180+1"]
[WhiteFideId "4620437"]
[BlackFideId "2824790"]
[WhiteElo "2534"]
[BlackElo "2402"]
[WhiteTeam "GER"]
[BlackTeam "ITA"]
[WhiteClock "0:00:05"]
[BlackClock "0:00:51"]

1. d4 g6 2. Nf3 Bg7 3. g3 d6 4. Bg2 Bd7 5. c4 Qc8 6. h3 h5 7. Nc3 Nh6 8. e4 Nc6 9. Be3 e5 10. d5 Ne7 11. c5 O-O 12. Qd2 Kh7 13. Rc1 Qd8 14. Ng5+ Kh8 15. O-O h4 16. b4 f5 17. Ne6 Bxe6 18. dxe6 Kh7 19. Bg5 Qe8 20. cxd6 cxd6 21. Qxd6 Nc6 22. Nd5 Nd4 23. Nc7 Qc8 24. Nxa8 Ne2+ 25. Kh2 Nxc1 26. Rxc1 Qxa8 27. Rc7 hxg3+ 28. fxg3 f4 29. Rxg7+ Kxg7 30. Qe7+ Nf7 31. Qf6+ Kg8 32. exf7+ Rxf7 33. Qxg6+ Rg7 34. Qe6+ Kh7 35. Qf5+ Kg8 36. Bf6 fxg3+ 37. Kg1 Rf7 38. Qg6+ Kf8 39. Qh6+ Ke8 40. Bf3 a5 41. Bh5 Qa7+ 42. Kh1 Qf2 43. Bxf7+ Kd7 44. Be6+ Kc6 45. Bd5+ Kb5 0-1

[Event "January 9 Early 2024"]
[Site "https://www.chess.com"]
[Date "2024.01.11"]
[Round "11"]
[White "Ratnesan, Ranesh"]
[Black "Horak, Martin"]
[Result "0-1"]
[Board "98"]
[TimeControl "180+1"]
[WhiteFideId "439339"]
[BlackFideId "367095"]
[WhiteElo "2341"]
[BlackElo "2523"]
[WhiteTeam "ENG"]
[BlackTeam "CZE"]
[WhiteClock "0:00:09"]
[BlackClock "0:00:10"]

1. d4 d5 2. c4 e6 3. Nc3 Nf6 4. Bf4 Bb4 5. e3 Ne4 6. Qc2 c5 7. Bd3 cxd4 8. exd4 Nc6 9. Ne2 Nxc3 10. bxc3 Bd6 11. cxd5 exd5 12. O-O Be6 13. Rab1 Rb8 14. Bxd6 Qxd6 15. f4 Bd7 16. Rbe1 Kd8 17. f5 f6 18. Nf4 Re8 19. Rxe8+ Kxe8 20. Qd1 Kf8 21. Qf3 Ne7 22. g4 Rc8 23. Bc2 b5 24. Bb3 b4 25. cxb4 Qxb4 26. Nxd5 Qxd4+ 27. Qe3 Qxg4+ 28. Kf2 Qxf5+ 29. Nf4 Ng6 30. Kg3 Qg5+ 0-1

[Event "January 9 Early 2024"]
[Site "https://www.chess.com"]
[Date "2024.01.11"]
[Round "11"]
[White "Maksimovic, Bojan"]
[Black "Hnatyshyn, Anastasiia"]
[Result "1-0"]
[Board "99"]
[TimeControl "180+1"]
[WhiteFideId "14408120"]
[BlackFideId "14198339"]
[WhiteElo "2848"]
[BlackElo "2303"]
[WhiteTeam "BIH"]
[BlackTeam "UKR"]
[WhiteClock "0:01:51"]
[BlackClock "0:00:01"]

1. d4 Nf6 2. c4 e6 3. Nf3 d5 4. g3 Be7 5. Bg2 O-O 6. O-O dxc4 7. Qc2 a6 8. a4 Bd7 9. Qxc4 Bc6 10. Bg5 Nbd7 11. a5 h6 12. Bxf6 Nxf6 13. Nc3 Rc8 14. Ne5 Bxg2 15. Kxg2 c5 16. Rfd1 Qc7 17. Nf3 Rfd8 18. d5 exd5 19. Nxd5 Nxd5 20. Rxd5 Rxd5 21. Qxd5 Rd8 22. Qc4 Bf6 23. Ra2 Qc6 24. b3 Rd1 25. Rc2 Rd5 26. Qe4 Rd6 27. Qxc6 Rxc6 28. Nd2 Bd8 29. Nc4 Re6 30. Rd2 Bf6 31. e3 Re7 32. Rd5 Rc7 33. f4 Bc3 34. Kf3 Bb4 35. e4 g6 36. e5 Kg7 37. Ke4 Re7 38. g4 f6 39. Rd6 fxe5 40. Nxe5 Kh7 41. Rd5 Bxa5 42. Rxc5 Bb6 43. Rc2 Kg7 44. Kd5 g5 45. Kd6 Re8 46. f5 Bd8 47. Nd7 Re3 48. b4 Kf7 49. Ne5+ Kf6 50. Nd7+ Kf7 51. Nc5 b6 52. Ne6 Be7+ 53. Kd5 Rd3+ 54. Ke4 Rb3 55. Rc7 Rxb4+ 56. Kd5 Rxg4 57. Ke5 Rg1 58. Nd4 Re1+ 59. Kd5 Kf6 60. Rc6+ Kf7 61. Rxb6 Bf6 62. Rb7+ Ke8 63. Ne6 Rd1+ 64. Kc6 Rc1+ 65. Kd5 Rd1+ 66. Ke4 Re1+ 67. Kd3 Rd1+ 68. Ke2 Rc1 69. Ra7 Rc6 70. Nc7+ Kd7 71. Nd5+ 1-0